 Dungeon Crawl Stone Soup version 0.27-a0-1081-ge8a0a9c698 (webtiles) character file.

Game seed: 9149087870939230960

33 tardwrangler69 the Poker (level 3, -1/28 HPs)
             Began as a Merfolk Gladiator on Apr 25, 2021.
             Slain by a goblin
             ... wielding a +0 dagger
             ... led by Robin
              (3 damage)
             ... on level 2 of the Dungeon.
             The game lasted 00:01:02 (1238 turns).

tardwrangler69 the Poker (Merfolk Gladiator)        Turns: 1238, Time: 00:01:03

Health: -1/28      AC:  4    Str: 12 (15) XL:     3   Next: 29%
Magic:  3/3        EV: 12    Int:  5 (7)  God:
Gold:   95         SH:  3    Dex: 12 (15) Spells: 2/2 levels left

rFire    . . .     SeeInvis .   a - +0 trident
rCold    . . .     Faith    .   i - +0 buckler
rNeg     . . .     Spirit   .   b - +0 leather armour
rPois    .         Reflect  .   c - +0 helmet
rElec    .         Harm     .   (no cloak)
rCorr    .         Rampage  .   (no gloves)
Will     .....                  (no boots)
Stlth    +.........             (no amulet)
HPRegen  0.09/turn              (no ring)
MPRegen  0.08/turn              (no ring)

@: hasted, very quick
A: (nimble swimmer 2), mertail
a: no special abilities


You were on level 2 of the Dungeon.
You visited 1 branch of the dungeon, and saw 2 of its levels.

You collected 95 gold pieces.

Inventory:

Hand Weapons
 a - a +0 trident (weapon)
Missiles
 d - 3 throwing nets (quivered)
Armour
 b - a +0 leather armour (worn)
 c - a +0 helmet (worn)
 i - a +0 buckler (worn)
Scrolls
 e - 2 scrolls of immolation {unknown}
 f - a scroll of identify {unknown}
 j - a scroll of teleportation {unknown}
 k - a scroll of fog {unknown}


   Skills:
 + Level 2.7 Fighting
 * Level 5.4 Polearms
 - Level 2.0 Throwing
 + Level 4.4 Dodging
 + Level 0.0 Shields


You had 2 spell levels left.
You didn't know any spells.
Your spell library was empty.

Dungeon Overview and Level Annotations

Branches:
Dungeon (2/15)

Altars:

Annotations:
D:2 Robin


Innate Abilities, Weirdness & Mutations

((You are quick and stealthy near water. (Stealth+, EV+, Speed+++)))
Your lower body shifts to a powerful aquatic tail in water.


Message History

The goblin hits you with a +0 dagger.
A goblin comes into view. It is wielding a +0 club.
Robin throws the goblin at you! You block the goblin's attack.
There is an open door here.
You hit the goblin.
You kill the goblin!
The hobgoblin hits you but does no damage.
You hit Robin.
Robin is severely wounded.
Robin drinks a potion.
Robin is healed!
The hobgoblin hits you but does no damage.
Robin throws the goblin at you!
You hit the goblin.
The goblin is heavily wounded.
The goblin hits you with a +0 dagger. The hobgoblin hits you.
The goblin hits you with a +0 dagger. Robin hits you with a +0 club.
The goblin hits you but does no damage. The hobgoblin closely misses you.
You closely miss the goblin.
The goblin is heavily wounded.
You block the goblin's attack.
Robin roars a battlecry!
The goblins go into a battle-frenzy!
The goblin hits you with a +0 dagger.
* * * LOW HITPOINT WARNING * * *
The hobgoblin hits you.
* * * LOW HITPOINT WARNING * * *
You closely miss the goblin.
The goblin is heavily wounded.
You block the goblin's attack. Robin hits you with a +0 club.
* * * LOW HITPOINT WARNING * * *
The hobgoblin closely misses you. The goblin hits you with a +0 dagger.
* * * LOW HITPOINT WARNING * * *
It was a potion of degeneration.
There was something very wrong with that liquid.
You feel weakened.
You feel dopey.
You feel clumsy.
The goblin hits you but does no damage. x2; The hobgoblin barely misses you.
It was a potion of haste.
You feel yourself speed up.
The goblin no longer looks unusually strong.
The goblin hits you with a +0 dagger.
You die...

#...... .....
###### .g. #....#
#####g## #....#
#....g.# #....# #
#.....g# #....####
#...ggg# #....#...
#..gggg# #......#.
#####@## #.....##.
#g##########'#..##
#>...............#
###.########.#).##
#.####...#.#.##.
#....'.....#..#.
######...###....
#...# #.#.. #...#
#..


You could see Robin, a hobgoblin (strong) and 10 goblins.

Vanquished Creatures
  A dart slug (D:1)
  A ball python (D:1)
  3 bats
  6 endoplasms
  A giant cockroach (D:1)
  4 goblins
  2 hobgoblins (D:1)
  2 jackals (D:1)
  2 quokkas (D:1)
  3 frilled lizards
  A kobold (D:1)
26 creatures vanquished.

Notes
Turn   | Place    | Note
-------+----------+-------------------------------------------
     0 | D:1      | tardwrangler69 the Merfolk Gladiator began the quest for
                  | the Orb.
     0 | D:1      | Reached XP level 1. HP: 16/16 MP: 1/1
   208 | D:1      | Found a faded altar of an unknown god.
   227 | D:1      | Reached XP level 2. HP: 23/23 MP: 2/2
   285 | D:1      | Reached skill level 5 in Polearms
   685 | D:1      | Reached XP level 3. HP: 28/28 MP: 3/3
  1222 | D:2      | Noticed Robin
  1238 | D:2      | Slain by a goblin

Illustrated notes

Levels and vault maps discovered:
D:1:      dpeg_arrival_simpleton_c, layout_loops_ring,
          shapermc_ecumenical_altar_totnotflames, minmay_misc_feat_x
D:2:      layout_basic, minmay_between, uniq_robin

Skill      XL: |  1  2 |
---------------+-------+-----
Polearms       | 5 |  5.4
Fighting       | |  2.7
Throwing       | |  2.0
Dodging        | |  4.4

Action                   || total
-------------------------++-------
Melee: Trident           ||    63
  Use: Potion            ||     2
 Stab: Sleeping          ||     7
Armor: Leather armour    ||    15
Dodge: Dodged            ||    23
Block: Buckler           ||     3

Table legend: (Time is in decaauts)
 A = Elapsed time spent in this place.
 B = Non-inter-level travel time spent in this place.
 C = Inter-level travel time spent in this place.
 D = Time resting spent in this place.
 E = Time spent auto-exploring this place.
 F = Levels seen in this place.
 G = Mean time per level.
                   A        B        C        D        E       F      G
               +--------+--------+--------+--------+--------+-----+--------+
         Total |   1241 |   1213 |     28 |      0 |   1076 |   2 |  620.5 |
       Dungeon |   1241 |   1213 |     28 |      0 |   1076 |   2 |  620.5 |
               +--------+--------+--------+--------+--------+-----+--------+

Top non-repeatable levels by time:
     D:1: 1003 daAuts
     D:2: 238 daAuts
